 Dungeon Crawl Stone Soup version 0.29.1-13-g9f3cf754e1 (webtiles) character file.

Game seed: 2296961925304668093

373 H0rd4k the Insei (level 6, -1/42 HPs)
             Began as an Octopode Artificer on Jan 19, 2023.
             Slain by a gnoll
             ... wielding a +0 club
              (6 damage)
             ... on level 3 of the Dungeon.
             The game lasted 00:02:37 (3651 turns).

H0rd4k the Insei (Octopode Artificer)               Turns: 3651, Time: 00:02:38

Health: -1/42      AC:  1    Str: 11    XL:     6   Next: 71%
Magic:  10/10      EV: 13    Int: 16    God:
Gold:   176        SH:  0    Dex: 12    Spells: 10/10 levels left

rFire   . . .      SeeInvis .     - Unarmed
rCold   . . .      Faith    .   (no shield)
rNeg    . . .      Spirit   .   (helmet restricted)
rPois   .          Reflect  .   (no amulet)
rElec   .          Harm     .   (no ring)
rCorr   .          Rampage  .   (no ring)
Will    .....                   (no ring)
Stlth   +++.......              (no ring)
HPRegen 0.14/turn               (no ring)
MPRegen 0.12/turn               (no ring)
                                (no ring)
                                (no ring)

@: no status effects
A: almost no armour, amphibious, 8 rings, camouflage 1, gelatinous body 1,
(nimble swimmer 1), tentacles
a: no special abilities


You were on level 3 of the Dungeon.
You visited 1 branch of the dungeon, and saw 3 of its levels.
You also visited: Sewer.

You collected 176 gold pieces.

Inventory:

Armour
 r - an orb of light
Magical Staves
 p - a staff of fire
Wands
 b - a wand of flame (11) (quivered)
 c - a wand of charming (8)
 d - a wand of iceblast (3)
Scrolls
 a - 2 scrolls of identify {unknown}
 f - a scroll of summoning {unknown}
 g - a scroll of magic mapping {unknown}
 i - a scroll of noise {unknown}
 j - a scroll of acquirement {unknown}
 k - a scroll of teleportation {unknown}
 m - a scroll of fear {unknown}
 u - 2 scrolls of blinking {unknown}
 v - a scroll of enchant weapon {unknown}
Potions
 e - 2 potions of lignification {unknown}
 h - 6 potions of curing
 l - a potion of haste {unknown}
 n - 3 potions of mutation {unknown}
 o - 2 potions of might {unknown}
 q - a potion of flight {unknown}
 s - a potion of ambrosia {unknown}
 t - 2 potions of invisibility {unknown}


   Skills:
 * Level 3.3 Fighting
 - Level 2.3 Dodging
 - Level 1.3 Stealth
 + Level 4.3 Unarmed Combat
 * Level 2.8 Spellcasting
 - Level 3.2 Evocations


You had 10 spell levels left.
You didn't know any spells.
Your spell library was empty.

Dungeon Overview and Level Annotations

Branches:
Dungeon (3/15)              Sewer (visited)

Altars:


Innate Abilities, Weirdness & Mutations

You cannot wear most types of armour.
You are amphibious.
You can wear up to eight rings at the same time.
Your skin changes colour to match your surroundings (Stealth+).
Your rubbery body absorbs attacks. (AC +1, EV +1)
((You are camouflaged when in or above water. (Stealth+)))
You have tentacles for arms and can constrict up to eight enemies at once.


Message History

A gnoll comes into view. It is wielding a +0 club. x2
A gnoll comes into view.
It is wielding a +1 whip of electrocution.
You hear a shout!
The orc shouts!
The gnoll shouts!
There are monsters nearby!
A hobgoblin and a goblin come into view.
The goblin shouts!
The gnoll shouts!
The goblin unwields a +0 dagger.
The goblin wields a +0 sling.
The goblin shoots a sling bullet.
The sling bullet barely misses you.
You tentacle-slap the goblin.
You kill the goblin!
Aiming: Charm
Press: ? - help, Shift-Dir - straight line, f - gnoll
Aim: a gnoll, wielding a +0 club (chance to affect: 66%)
The gnoll struggles to resist.
The orc hits you from afar with a +0 trident.
Unknown command.
Aiming: Charm
Press: ? - help, Shift-Dir - straight line, f/p - gnoll
Aim: a gnoll, wielding a +0 club (chance to affect: 66%)
The gnoll struggles to resist.
The gnoll throws a throwing net.
The throwing net hits you.
You become entangled in the net!
The orc barely misses you. The gnoll hits you with a +0 club!
Unknown command.
You struggle against the net.
The orc hits you from afar with a +0 trident.
The gnoll completely misses you. The hobgoblin hits you.
You tear a large gash into the net.
The gnoll completely misses you.
The orc hits you from afar with a +0 trident!
The gnoll hits you with a +0 club.
The goblin shoots a sling bullet.
The sling bullet closely misses you.
You rip the net and break free!
The gnoll hits you from afar with a +0 spear.
* * * LOW HITPOINT WARNING * * *
The gnoll hits you with a +0 club.
* * * LOW HITPOINT WARNING * * *
The orc barely misses you. The hobgoblin hits you.
* * * LOW HITPOINT WARNING * * *
The goblin shoots a sling bullet.
The sling bullet closely misses you. The gnoll hits you with a +0 club.
You die...

...........## #.#
#....#.#...## #####.###
..........## #.......#
####.#.......###.###.#.##
#......go...............#
#.####g......#.#####....##
##.ggg.##.# #.....#
#.g...##.# #..♣..#
##.#@#.##.# #.♣_♣..
#..?.#)##.# #...♣...
#....).......#.# #.......
######....#..#.# #..##.#.
##.#....... .........
..#[.....#####.##.##
####.#.#... .. ... #
........ . .### # .#.#. #
#


You could see 4 gnolls, an orc, a hobgoblin and a goblin.

Vanquished Creatures
  A water moccasin (D:3)
  A kobold brigand (Sewer)
  A scorpion (D:3)
  2 gnolls (D:3)
  4 adders
  A river rat (Sewer)
  A worm (D:2)
  A dart slug (D:2)
  4 ball pythons (Sewer)
  6 bats
  6 endoplasms
  5 giant cockroaches
  6 goblins
  4 hobgoblins
  3 jackals (D:2)
  11 kobolds
  7 quokkas
  9 rats
73 creatures vanquished.

Vanquished Creatures (collateral kills)
  A bat (D:3)
1 creature vanquished.

Vanquished Creatures (others)
  A gnoll (D:3)
1 creature vanquished.

Grand Total: 75 creatures vanquished

Notes
Turn   | Place    | Note
-------+----------+-------------------------------------------
     0 | D:1      | H0rd4k the Octopode Artificer began the quest for the Orb.
     0 | D:1      | Reached XP level 1. HP: 13/13 MP: 1/1
   482 | D:1      | Reached XP level 2. HP: 17/19 MP: 2/2
   914 | D:1      | Reached skill level 1 in Spellcasting
  1228 | D:2      | Reached XP level 3. HP: 22/24 MP: 4/4
  1481 | D:2      | Reached skill level 1 in Unarmed Combat
  2012 | D:2      | Reached XP level 4. HP: 8/30 MP: 6/6
  2162 | D:2      | Reached skill level 2 in Unarmed Combat
  2625 | D:3      | Noticed a scorpion
  2717 | D:3      | Killed a scorpion
  2718 | D:3      | Reached XP level 5. HP: 35/35 MP: 6/8
  2763 | D:3      | Noticed a water moccasin
  2771 | D:3      | Killed a water moccasin
  2772 | D:3      | Reached skill level 3 in Unarmed Combat
  2772 | D:3      | Reached XP level 6. HP: 42/42 MP: 9/9
  2959 | D:3      | Found a glowing drain.
  2968 | Sewer    | Entered a sewer
  3272 | Sewer    | Reached skill level 4 in Unarmed Combat
  3586 | D:3      | Found a faded altar of an unknown god.
  3651 | D:3      | Slain by a gnoll

Illustrated notes

Levels and vault maps discovered:
D:1:      dpeg_arrival_radiant, layout_basic
D:2:      layout_basic
D:3:      layout_loops_ring, chequers_ecumenical_altar_simple,
          gup_sewer_entry_spiral

Skill      XL: |  1  2  3  4  5  6 |
---------------+-------------------+-----
Spellcasting   | 1 2 |  2.8
Fighting       | 2 3 |  3.3
Unarmed Combat | 1 2 3 4 |  4.3
Dodging        | |  2.3
Stealth        | |  1.3
Evocations     | |  3.2

Action                   |  1- 3 |  4- 6 || total
-------------------------+-------+-------++-------
Melee: Unarmed           |   112 |    86 ||   198
       Constrict         |    31 |    20 ||    51
       Tentacles         |    25 |    11 ||    36
       Punch             |     5 |     5 ||    10
Evoke: Wand              |       |    13 ||    13
  Use: Potion            |       |     1 ||     1
 Stab: Sleeping          |     9 |     6 ||    15
Armor: Skin              |     7 |     2 ||     9
Dodge: Dodged            |    67 |    76 ||   143
